 Dungeon Crawl Stone Soup version 0.31-a0-1308-ga3cce3a448 (webtiles) character file.

Game seed: 6044055460245905873

19971 grandjackal the Fighter (level 12, -7/111 HPs)
             Began as a Black Draconian Gladiator on Dec 19, 2023.
             Was a Believer of Ashenzari.
             Mangled by a skeletal warrior
             ... wielding a +0 scimitar
              (9 damage)
             ... on level 12 of the Dungeon.
             The game lasted 00:15:51 (12350 turns).

grandjackal the Fighter (DrGl)                     Turns: 12350, Time: 00:15:52

Health: -7/111     AC: 16    Str: 22    XL:     12   Next: 41%
Magic:  12/12      EV: 19    Int: 10    God:    Ashenzari [**....]
Gold:   585        SH:  0    Dex: 17    Spells: 11/11 levels left

rFire   . . .        D - +3 scimitar (freeze)
rCold   . . .        (no shield)
rNeg    . . .        (body armour unavailable)
rPois   .            b - +0 hat "Lashed With Me" {Alch, Dev} (curse)
rElec   +            I - +0 cloak
rCorr   .            J - +1 pair of gloves "Clairvoyant Dismay" {Alch, Cun} (curse)
SInv    +            E - +0 pair of boots "Unveiling Ordeal" {Dev, Bglg} (curse)
Will    .....        H - amulet of magic regeneration
Stlth   ++           K - +6 ring of strength
HPRegen 0.38/turn    a - +4 ring of protection
MPRegen 0.53/turn

%: no passive effects
@: short of breath
A: breathe lightning, AC +8, unfitting armour, electricity resistance,
cold-blooded
a: Breathe Lightning, Renounce Religion, Shatter the Chains


You were on level 12 of the Dungeon.
You worshipped Ashenzari.
Ashenzari was pleased with you.
You visited 1 branch of the dungeon, and saw 12 of its levels.

You collected 980 gold pieces.
You spent 395 gold pieces at shops.

Inventory:

Hand Weapons
 y - a +1 dagger of holy wrath
 D - a +3 scimitar of freezing (weapon)
 L - a +1 long sword of flaming
 N - a +2 rapier of electrocution
Missiles
 c - 3 throwing nets (quivered)
 d - 8 javelins
Armour
 b - the cursed +0 hat "Lashed With Me" (worn) {Alch, Dev}

   It has a curse which improves the following skills: Alchemy: Poison Magic and
   Transmutations.
   Devices:   Evocations and Shapeshifting.
 E - the cursed +0 pair of boots "Unveiling Ordeal" (worn) {Dev, Bglg}
   (You found it on level 6 of the Dungeon)

   It has a curse which improves the following skills: Devices: Evocations and
   Shapeshifting.
   Beguiling: Conjurations, Hexes and Translocations.
 I - a +0 cloak (worn)
 J - the cursed +1 pair of gloves "Clairvoyant Dismay" (worn) {Alch, Cun}
   (You bought it in a shop on level 8 of the Dungeon)

   It has a curse which improves the following skills: Alchemy: Poison Magic and
   Transmutations.
   Cunning:   Dodging and Stealth.
Jewellery
 a - a +4 ring of protection (right hand)
 H - an amulet of magic regeneration (around neck)
 K - a +6 ring of strength (left hand)
Wands
 t - a wand of iceblast (15)
 B - a wand of mindburst (1)
 F - a wand of flame (47)
 G - a wand of paralysis (3)
Scrolls
 f - 2 scrolls of poison
 g - a scroll of torment
 h - a scroll of brand weapon
 i - 12 scrolls of identify
 k - 9 scrolls of teleportation
 l - 3 scrolls of blinking
 m - a scroll of enchant weapon
 n - 3 scrolls of revelation
 p - 5 scrolls of immolation
 s - 6 scrolls of fog
 v - a scroll of enchant armour
Potions
 e - 8 potions of curing
 j - 3 potions of berserk rage
 o - a potion of heal wounds
 q - a potion of invisibility
 r - 2 potions of attraction
 u - 2 potions of cancellation
 w - a potion of lignification
 x - a potion of haste
 z - 4 potions of ambrosia
 A - a potion of might
 C - 2 potions of enlightenment
 M - a potion of mutation
 O - a potion of brilliance


   Skills:
 + Level 11.7 Fighting
 + Level 11.0 Long Blades
 - Level 2.0 Throwing
 + Level 10.1(11.2) Dodging
 + Level 10.2(11.9) Evocations


You had 11 spell levels left.
You didn't know any spells.
Your spell library contained the following spells:

 Spells                   Type           Power      Damage    Failure   Level
 Sting                    Tmut/Pois      0%         1d3       34%         1
 Apportation              Tloc           0%         N/A       36%         1
 Jinxbite                 Hex            0%         N/A       50%         2
 Poisonous Vapours        Pois/Air       0%         N/A       50%         2
 Ignite Poison            Fire/Tmut/Pois 0%         N/A       73%         3
 Inner Flame              Hex/Fire       0%         N/A       75%         3
 Flame Wave               Conj/Fire      0%         2d4       98%         4
 Olgreb's Toxic Radiance  Pois           0%         N/A       98%         4
 Sticky Flame             Conj/Fire      0%         2d3       98%         4
 Alistair's Intoxication  Tmut/Pois      0%         N/A       100%        5
 Iskenderun's Battlesphe  Conj           0%         2d6       100%        5
 Yara's Violent Unravell  Hex/Tmut       0%         3d3       100%        5
 Bombard                  Conj/Erth      0%         9d1       100%        6
 Enfeeble                 Hex            0%         N/A       100%        7
 Spellforged Servitor     Conj/Summ      0%         N/A       100%        7
 Ignition                 Fire           0%         3d3       100%        8


Dungeon Overview and Level Annotations

Branches:
Dungeon (12/15)            Temple (0/1) D:4            Lair (0/5) D:8
    Orc (0/2) D:11

Altars:
Ashenzari
Cheibriados
Dithmenos
Fedhas
Gozag
Hepliaklqana
Kikubaaqudgha
Makhleb
Okawaru
Qazlal
Uskayaw
Wu Jian
Xom
Yredelemnul

Shops:
D:6 (   D:7 **   D:8 [

Annotations:
D:10 Joseph


Innate Abilities, Weirdness & Mutations

You can breathe wild blasts of lightning.
Your glossy black scales are hard. (AC +8)
You cannot fit into any form of body armour.
You are resistant to electric shocks. (rElec)
You are cold-blooded and may be slowed by cold attacks.


Message History

The skeletal warrior closely misses you.
You hit the skeletal warrior.
The skeletal warrior is heavily damaged.
The skeletal warrior barely misses you.
You hit the skeletal warrior but do no damage.
The skeletal warrior is heavily damaged.
The skeletal warrior hits you with a +0 scimitar.
You closely miss the skeletal warrior.
The skeletal warrior is heavily damaged.
The skeletal warrior hits you with a +0 scimitar!
You hit the skeletal warrior but do no damage.
The skeletal warrior is heavily damaged.
The skeletal warrior barely misses you.
Activating: Breathe Lightning (2% risk of failure)
Press: ? - help, Dir - look around, f - activate You breathe a wild blast of lightning!
The bolt of lightning misses the skeletal warrior.
The bolt of lightning misses you. x2
You hear a shout! x2
The skeletal warrior hits you with a +0 scimitar!
Unknown command.
You closely miss the skeletal warrior.
The skeletal warrior is heavily damaged.
The skeletal warrior hits you with a +0 scimitar!
You barely miss the skeletal warrior.
Your tail-slap misses the skeletal warrior.
The skeletal warrior is heavily damaged.
You barely miss the skeletal warrior.
The skeletal warrior is heavily damaged.
The skeletal warrior hits you with a +0 scimitar!!
* * * LOW HITPOINT WARNING * * *
You hit the skeletal warrior but do no damage.
You tail-slap the skeletal warrior.
The skeletal warrior is heavily damaged.
The skeletal warrior hits you with a +0 scimitar!
* * * LOW HITPOINT WARNING * * *
You hit the skeletal warrior but do no damage.
The skeletal warrior is heavily damaged.
The skeletal warrior hits you with a +0 scimitar!
You die...

#.# #....÷.........
#.. #.......[......
##.# #.........####.
.# #####............
.# #.........#...†..
.# #................
.# #######........##
##.#########.....#.##
#....@z............. .
#########...#........#
........#...##..
##....#####....##
...#### .##. .... #
#####


You could see a skeletal warrior.

Vanquished Creatures
  3 two-headed ogres
  3 death yaks (D:8)
  Urug (D:10)
  2 skeletal warriors (D:12)
  Lodul (D:11)
  A deep elf pyromancer (D:12)
  An ugly thing (D:12)
  Maurice (D:8)
  2 cyclopes
  An unseen horror (D:11)
  Maggie (D:10)
  Psyche (D:12)
  2 komodo dragons
  4 trolls
  A hornet (D:8)
  Prince Ribbit (D:5)
  Sigmund (D:3)
  3 slime creatures (D:12)
  3 wraiths
  A shadow (D:11)
  21 yaks
  Grum (D:8)
  3 orc warriors
  4 sky beasts
  3 black bears
  13 ogres
  A centaur (D:10)
  3 wolves (D:8)
  2 phantoms (D:11)
  4 kobold brigands
  2 bullfrogs
  2 scorpions
  24 wights
  A troll zombie (D:11)
  7 howler monkeys
  An electric eel (D:6)
  A jelly (D:6)
  3 hounds
  7 orc priests
  2 gnoll boudas
  5 orc wizards
  2 sleepcaps
  A hell rat (D:8)
  5 ogre zombies (D:11)
  Robin (D:4)
  11 gnolls
  6 adders
  2 river rats (D:8)
  2 white imps
  A dart slug (D:1)
  19 orcs
  6 ball pythons
  4 bats
  6 endoplasms
  9 goblins
  12 hobgoblins
  10 jackals
  3 quokkas
  3 frilled lizards
  A gnoll skeleton (D:11)
  A gnoll zombie (D:11)
  21 kobolds
  4 orc skeletons (D:11)
  12 orc zombies (D:11)
  9 rats
295 creatures vanquished.

Notes
Turn   | Place    | Note
-------+----------+-------------------------------------------
     0 | D:1      | grandjackal the Draconian Gladiator began the quest for the
                  | Orb.
     0 | D:1      | Reached XP level 1. HP: 17/17 MP: 1/1
   110 | D:1      | Reached XP level 2. HP: 22/25 MP: 2/2
   186 | D:1      | You fall into a shaft and drop 1 floor!
   187 | D:2      | Found a broken altar of Ashenzari.
   214 | D:2      | Became a worshipper of Ashenzari the Shackled
   764 | D:2      | Reached XP level 3. HP: 17/30 MP: 3/3
   936 | D:2      | Identified the +3 quarterstaff "Biymod" {antimagic, rPois
                  | rF- Str-2 Int+8}
  1520 | D:3      | Reached XP level 4. HP: 11/38 MP: 4/4
  1720 | D:3      | Found an ornate altar of the Wu Jian Council.
  1803 | D:3      | Found a hazy altar of Hepliaklqana.
  1804 | D:3      | Found a shimmering altar of Xom.
  1804 | D:3      | Noticed a wyvern
  1805 | D:3      | Noticed a spectral ugly thing
  1805 | D:3      | Noticed a wyvern
  1962 | D:3      | Noticed Sigmund
  1973 | D:3      | Killed Sigmund
  1974 | D:3      | Reached skill level 1 in Evocations
  1974 | D:3      | Reached XP level 5. HP: 18/46 MP: 5/5
  2127 | D:3      | Found a basalt altar of Yredelemnul.
  2290 | D:4      | Noticed Robin
  2304 | D:4      | Reached XP level 6. HP: 49/52 MP: 6/6
  2319 | D:4      | Killed Robin
  2425 | D:4      | Found a staircase to the Ecumenical Temple.
  2441 | D:4      | Noticed a sky beast
  2463 | D:4      | Reached * piety under Ashenzari
  2485 | D:4      | Killed a sky beast
  3095 | D:5      | Entered Level 5 of the Dungeon
  3233 | D:5      | Your scales start taking on a glossy black colour.
  3233 | D:5      | Reached XP level 7. HP: 10/60 MP: 7/7
  3233 | D:5      | Gained mutation: You are resistant to electric shocks.
                  | (rElec) [Black Draconian growth]
  3505 | D:5      | Found a blossoming altar of Fedhas.
  3534 | D:5      | Reached skill level 5 in Fighting
  3534 | D:5      | Reached skill level 5 in Long Blades
  3541 | D:5      | Noticed Prince Ribbit
  3642 | D:5      | Killed Prince Ribbit
  3661 | D:5      | Reached skill level 5 in Dodging
  3945 | D:5      | Reached XP level 8. HP: 67/70 MP: 8/8
  4151 | D:5      | Found a burning altar of Makhleb.
  4319 | D:6      | Found a hide-covered altar of Uskayaw.
  4694 | D:6      | Found Vaig's Antique Weapon Shoppe.
  4698 | D:6      | Bought a glowing scimitar for 238 gold pieces
  5412 | D:7      | Found Laiwaleq's Specific Store.
  5413 | D:7      | Found Noigeyco's General Store.
  5418 | D:7      | Reached skill level 5 in Evocations
  5721 | D:7      | Reached XP level 9. HP: 69/78 MP: 9/9
  5832 | D:7      | Found an opulent altar of Gozag.
  5996 | D:7      | Found an iron altar of Okawaru.
  5996 | D:7      | Found a snail-covered altar of Cheibriados.
  6039 | D:7      | Found a shadowy altar of Dithmenos.
  6197 | D:8      | Found a staircase to the Lair.
  6197 | D:8      | Noticed a death yak
  6197 | D:8      | Noticed a death yak
  6197 | D:8      | Noticed a death yak
  6207 | D:8      | Killed a death yak
  6207 | D:8      | Killed a death yak
  6207 | D:8      | Killed a death yak
  6208 | D:8      | Reached XP level 10. HP: 68/90 MP: 10/10
  6885 | D:8      | Noticed Maurice
  6887 | D:8      | Maurice stole a +4 ring of protection
  6899 | D:8      | Killed Maurice
  7243 | D:8      | Found Luhofuh's Antique Armour Shoppe.
  7288 | D:8      | Bought a pair of runed gloves for 157 gold pieces
  7587 | D:8      | Found a stormy altar of Qazlal.
  7594 | D:8      | Noticed Grum
  7618 | D:8      | Killed Grum
  8309 | D:9      | Found an ancient bone altar of Kikubaaqudgha.
  8928 | D:10     | Entered Level 10 of the Dungeon
  8963 | D:10     | Reached XP level 11. HP: 93/99 MP: 11/11
  9110 | D:10     | Noticed Urug
  9118 | D:10     | Killed Urug
  9119 | D:10     | Reached skill level 10 in Fighting
  9219 | D:10     | Noticed a two-headed ogre
  9227 | D:10     | Killed a two-headed ogre
  9504 | D:10     | Noticed a two-headed ogre
  9513 | D:10     | Killed a two-headed ogre
  9713 | D:10     | Noticed Joseph
  9740 | D:10     | Identified the cursed +0 hat "Lashed With Me" {Alch, Dev}
  9740 | D:10     | Identified the cursed +1 pair of gloves "Clairvoyant
                  | Dismay" {Alch, Cun} (You bought it in a shop on level 8 of
                  | the Dungeon)
 10043 | D:10     | Noticed Maggie
 10056 | D:10     | Killed Maggie
 10267 | D:11     | Noticed Lodul
 10281 | D:11     | Killed Lodul
 10282 | D:11     | Reached skill level 10 in Long Blades
 10608 | D:11     | Found a staircase to the Orcish Mines.
 10817 | D:11     | HP: 4/102 [something (9)]
 10844 | D:11     | Reached XP level 12. HP: 14/110 MP: 12/12
 11481 | D:11     | Noticed a two-headed ogre
 11495 | D:11     | Killed a two-headed ogre
 11781 | D:12     | Noticed Psyche
 11788 | D:12     | Killed Psyche
 11949 | D:12     | Reached skill level 10 in Evocations
 12087 | D:12     | Reached skill level 10 in Dodging
 12325 | D:12     | Reached ** piety under Ashenzari
 12349 | D:12     | HP: 2/111 [skeletal warrior/+0 scimitar (12)]
 12350 | D:12     | Mangled by a skeletal warrior

Illustrated notes

Levels and vault maps discovered:
D:1:      minmay_arrival_jagged, layout_basic
D:2:      layout_rooms, basic_altar, serial_forest,
          infiniplex_forest_clump_small, infiniplex_forest_clump_large,
          infiniplex_forest_end_1, infiniplex_forest_clump_long,
          infiniplex_forest_end_3, infiniplex_forest_straight_1,
          infiniplex_forest_end_3, minmay_hedge_maze, feat_on_display
D:3:      layout_rooms, regret_index_temple_of_mockery, minitemple,
          minivault_11, uniq_sigmund
D:4:      layout_cave_pods, minmay_temple_entry_antechambers,
          serial_bayou_pond_e, uniq_robin
D:5:      layout_basic, mainiacjoe_overflow_tiny_flanked,
          mainiacjoe_overflow_surrounded_room, kennysheep_flooded_box,
          uniq_prince_ribbit1
D:6:      nicolae_cairo_tiling_large_dashed, layout_gridville,
          mainiacjoe_overflow_cross_hatched, serial_shops, shop, serial_bayou,
          serial_bayou_pond_e, serial_bayou_pond_c, serial_bayou_ford_a,
          serial_bayou_pond_e, minmay_door_square
D:7:      layout_rooms, mainiacjoe_overflow_boulevard, grunt_dithmenos_smoke,
          gammafunk_temple_overflow_elements, nicolae_specific_store
D:8:      layout_basic, overflow_temple_1_default, dpeg_lair_monsters,
          serial_shops, nicolae_shop_behind_doors, uniq_grum, uniq_maurice
D:9:      layout_basic, kiku_gazebo_pond_becter, minmay_misc_feat_tiny
D:10:     layout_roguey, st_stairs_14, minmay_tree_intersection, uniq_maggie,
          uniq_urug, uniq_joseph
D:11:     layout_cave_pools, zombieorc1_lemuel, minmay_orc_keep, uniq_lodul
D:12:     layout_rooms, serial_bayou, serial_bayou_pond_a, serial_bayou_pond_a,
          serial_bayou_pond_d, serial_bayou_pond_a, serial_bayou_lagoon_a,
          uniq_psyche

Skill      XL: |  1  2  3  4  5  6  7  8  9 10 11 12 |
---------------+-------------------------------------+-----
Throwing       | 2 |  2.0
Dodging        | 3 4 5 6 7 8 9 10 | 10.1
Fighting       | 3 4 5 6 8 9 11 | 11.7
Long Blades    | 4 5 6 8 9 10 11 | 11.0
Evocations     | 1 2 3 5 6 8 9 10 | 10.2

Action                     |  1- 3 |  4- 6 |  7- 9 | 10-12 || total
---------------------------+-------+-------+-------+-------++-------
  Melee: Long sword        |    88 |   112 |    91 |       ||   291
         Tailslap          |     5 |    14 |    36 |    83 ||   138
         Punch             |     1 |       |     4 |    11 ||    16
         Scimitar          |       |       |   103 |   574 ||   677
  Throw: Throwing net      |       |     1 |       |       ||     1
 Invoke: Curse Item        |       |     2 |       |     2 ||     4
         Shatter the Chain |       |       |     1 |       ||     1
Ability: Breathe Lightning |       |       |     4 |    12 ||    16
  Evoke: Wand              |       |     4 |     9 |     7 ||    20
    Use: Potion            |       |       |       |     1 ||     1
   Stab: Sleeping          |     2 |       |     1 |     2 ||     5
 Armour: Skin              |    67 |    78 |   135 |   302 ||   582
  Dodge: Dodged            |    79 |    73 |   143 |   435 ||   730

Table legend: (Time is in decaauts)
 A = Elapsed time spent in this place.
 B = Non-inter-level travel time spent in this place.
 C = Inter-level travel time spent in this place.
 D = Time resting spent in this place.
 E = Time spent auto-exploring this place.
 F = Levels seen in this place.
 G = Mean time per level.
                   A        B        C        D        E       F      G
               +--------+--------+--------+--------+--------+-----+--------+
         Total |  12404 |  12067 |    337 |   3103 |   6924 |  12 | 1033.7 |
       Dungeon |  12404 |  12067 |    337 |   3103 |   6924 |  12 | 1033.7 |
               +--------+--------+--------+--------+--------+-----+--------+

Top non-repeatable levels by time:
     D:8: 1898 daAuts
    D:11: 1712 daAuts
     D:5: 1362 daAuts
    D:10: 1230 daAuts
     D:6: 1033 daAuts
     D:4: 942 daAuts
     D:3: 862 daAuts
     D:9: 832 daAuts
     D:2: 774 daAuts
     D:1: 653 daAuts
     D:7: 647 daAuts
    D:12: 455 daAuts
